Map: Battle on the Boardwalk LE

Players

meowmeowcute - Winner!

  • Race: Protoss Protoss
  • Spawn Location: 1:00

VOD

Have the link to the VOD?

Description

Time

  • Played on: Dec. 20, 2017, 2:33 p.m.
  • Length: 23:26
Show
View Real Time Build Order
Export as new Build Order

meowmeowcute Protoss - Winner!

Build Orders:  

Get SALT Encoding   

  13  0:12  Probe (Chrono Boost)  
  13  0:36  Pylon  
  13  0:38  Probe (Chrono Boost)  
  14  0:46  Assimilator  
  14  1:12  Gateway  
  14  1:14  Probe (Chrono Boost)  
  15  1:28  Forge  
  16  1:31  Probe (Chrono Boost)  
  16  1:46  Assimilator  
  17  1:50  Probe (Chrono Boost)  
  17  2:07  Probe (Chrono Boost)  
  18  2:10  Pylon  
  18  2:24  Probe (Chrono Boost)  
  19  2:38  Pylon  
  19  2:41  Cybernetics Core  
  19  2:55  Probe (Chrono Boost)  
  20  3:07  Zealot  
  22  3:12  Probe (Chrono Boost)  
  23  3:29  Probe (Chrono Boost)  
  24  3:45  Zealot  
  24  3:46  Probe (Chrono Boost)  
  27  4:03  Probe (Chrono Boost)  
  27  4:05  Protoss Shields Level 1  
  28  4:44  Sentry, Nexus  
  30  5:07  Probe (Chrono Boost)  
  31  5:14  Gateway  
  31  5:21  Stalker  
  33  5:30  Pylon  
  33  5:40  Assimilator  
  33  5:46  Assimilator  
  33  5:53  Pylon  
  33  5:56  Protoss Air Armor Level 1  
  33  6:13  Zealot  
  35  6:30  Stargate  
  35  6:33  Stargate  
  35  6:41  Zealot  
  37  6:54  Probe (Chrono Boost)  
  38  7:03  Zealot  
  41  7:11  Probe (Chrono Boost)  
  41  7:39  Stalker  
  43  7:45  Probe (Chrono Boost)  
  45  8:02  Probe (Chrono Boost)  
  45  8:05  Robotics Facility  
  45  8:09  Void Ray (Chrono Boost)  
  45  8:15  Void Ray (Chrono Boost)  
  53  8:32  Pylon  
  54  8:40  Probe (Chrono Boost)  
  54  8:42  Pylon  
  54  9:05  Stalker (Chrono Boost)  
  54  9:07  Stalker (Chrono Boost)  
  58  9:47  Stalker (Chrono Boost)  
  58  9:50  Stalker (Chrono Boost)  
  44  10:17  Probe  
  43  10:28  Zealot (Chrono Boost)  
  47  10:31  Zealot (Chrono Boost)  
  47  10:34  Probe  
  48  10:52  Probe  
  49  11:06  Protoss Ground Armor Level 1, Zealot (Chrono Boost)  
  49  11:09  Probe, Zealot (Chrono Boost)  
  54  11:22  Oracle  
  54  11:24  Oracle  
  54  11:26  Probe  
  63  11:44  Zealot (Chrono Boost)  
  63  11:47  Zealot (Chrono Boost)  
  65  11:50  Fleet Beacon  
  65  11:52  Robotics Bay  
  65  12:01  Probe  
  66  12:18  Probe  
  71  12:22  Zealot (Chrono Boost)  
  71  12:25  Zealot (Chrono Boost)  
  71  12:35  Probe  
  74  13:00  Zealot (Chrono Boost)  
  74  13:38  Zealot (Chrono Boost)  
  76  13:45  Pylon  
  76  13:46  Protoss Ground Weapons Level 1  
  76  13:49  Pylon  
  76  14:01  Photon Cannon  
  76  14:09  Photon Cannon  
  76  14:29  Carrier  
  90  14:45  Pylon  
  90  14:46  Pylon  
  90  14:49  Pylon  
  90  15:10  Carrier  
  90  15:13  Photon Cannon  
  90  15:18  Shield Battery  
  88  16:48  Nexus  
  88  16:56  Zealot (Chrono Boost)  
  88  16:57  Zealot (Chrono Boost)  
  92  17:05  Unknown  
  92  17:18  Colossus  
  102  17:32  Carrier  
  102  17:34  Zealot (Chrono Boost)  
  102  17:35  Zealot (Chrono Boost)  
  102  17:37  Tempest  
  114  18:03  Assimilator  
  118  18:10  Assimilator  
  118  18:12  Zealot (Chrono Boost)  
  118  18:13  Zealot (Chrono Boost)  
  118  18:33  Colossus  
  118  18:34  Probe  
  129  18:50  Sentry (Chrono Boost)  
  129  18:51  Probe, Sentry (Chrono Boost)  
  129  18:53  Protoss Air Armor Level 2  
  130  19:20  Twilight Council  
  130  19:38  Disruptor  
  133  20:01  Shield Battery  
  133  20:03  Photon Cannon  
  133  20:06  Photon Cannon  
  133  20:23  Pylon  
  133  20:28  Pylon  
  133  20:38  Disruptor, Pylon  
  141  20:50  Oracle x2  
  141  21:17  Zealot (Chrono Boost)  
  141  21:18  Zealot (Chrono Boost)  
  145  21:55  Zealot (Chrono Boost)  
  145  21:56  Zealot (Chrono Boost)  
  153  22:33  Zealot (Chrono Boost)  
  153  22:34  Zealot (Chrono Boost)  
Tags
 
Add a new tag
Caveats
  • Supply blocks, unpowered buildings, or Contaminate may cause inaccurate times.
  • Supply counts are checked every 10 seconds.